 Dungeon Crawl Stone Soup version 0.28.0-53-g5a82cb258f (webtiles) character file.

Game seed: 14106814597219782530

162 wingedge the Skirmisher (level 5, -4/42 HPs)
             Began as a Demonspawn Abyssal Knight on June 7, 2022.
             Was a Believer of Lugonu.
             Slain by Blork the orc
             ... wielding a +2 battleaxe of pain
              (10 damage)
             ... on level 4 of the Dungeon.
             The game lasted 00:10:05 (3281 turns).

wingedge the Skirmisher (Demonspawn Abyssal Knight) Turns: 3281, Time: 00:10:06

Health: -4/42      AC:  7    Str: 15    XL:     5   Next: 19%
Magic:  15/16      EV:  7    Int: 12    God:    Lugonu [**....]
Gold:   14         SH:  7    Dex: 13    Spells: 4/4 levels left

rFire   . . .      SeeInvis .   a - +1 falchion
rCold   . . .      Faith    .   l - +0 kite shield
rNeg    . . .      Spirit   .   n - +0 scale mail
rPois   .          Reflect  .   e - +0 helmet
rElec   .          Harm     .   (no cloak)
rCorr   .          Rampage  .   (no gloves)
Will    .....                   (no boots)
Stlth   ..........              (no amulet)
HPRegen 0.14/turn               g - ring of flight
MPRegen 0.15/turn               k - ring of magical power

@: flying
A: spiny 1, weakness stinger 1
a: Renounce Religion, Depart the Abyss, Bend Space


You were on level 4 of the Dungeon.
You worshipped Lugonu.
Lugonu was pleased with you.
You visited 1 branch of the dungeon, and saw 4 of its levels.
You visited the Abyss 1 time.

You collected 70 gold pieces.
You spent 56 gold pieces at shops.

Inventory:

Hand Weapons
 a - a +1 falchion (weapon)
 b - a +0 hunting sling
 c - a +0 dagger
Missiles
 d - 15 bolts
 f - 2 poisoned darts (quivered)
 o - 21 arrows
 p - 18 stones
Armour
 e - a +0 helmet (worn)
 j - a +0 leather armour
 l - a +0 kite shield (worn)
 m - a +0 ring mail
 n - a +0 scale mail (worn)
Jewellery
 g - a ring of flight (left hand)
 k - a ring of magical power (right hand)
Scrolls
 q - a scroll of identify
Potions
 i - a potion of mutation {unknown}


   Skills:
 - Level 4.1 Fighting
 - Level 3.0 Long Blades
 + Level 0.0 Slings
 + Level 2.3 Armour
 - Level 1.1 Dodging
 + Level 1.6 Shields
 - Level 3.0 Invocations


You had 4 spell levels left.
You didn't know any spells.
Your spell library was empty.

Dungeon Overview and Level Annotations

Branches:
Dungeon (4/15)
 Temple: D:4-7

Altars:
Cheibriados
Gozag

Shops:
D:3 *

Annotations:
D:4 Blork the orc, Dowan, Duvessa


Innate Abilities, Weirdness & Mutations

You are partially covered in sharp spines.
You have a small tail.


Message History

Fire: 16 stones
Press: ? - help, Q - select action, (/) - cycle Shift-Dir - straight line, f - you Really target yourself? [Y]es or [N]o only, please.
Really target yourself?
Okay, then.
HP restored.
p - 18 stones (gained 2)
There is an entrance to Jiosaen's General Store here.
There is an escape hatch in the ceiling here.
Done exploring.
Done exploring.
There is a stone staircase leading down here.
You fly downwards.
Level annotation: Dowan, Duvessa Blork the orc hits you with a +2 battleaxe of pain.
Found a scroll labelled QESUZE XITAUWN and 14 stones.
Found two stone staircases leading down.
There is a stone staircase leading up here.
a - a +1 falchion (weapon)
Blork the orc casts a spell.
Blork the orc seems to speed up.
You closely miss Blork the orc. You block Blork the orc's attack.
Blork the orc hits you with a +2 battleaxe of pain.
You writhe in agony.
You barely miss Blork the orc.
Your tail-slap misses Blork the orc.
Blork the orc hits you with a +2 battleaxe of pain! x2
* * * LOW HITPOINT WARNING * * *
Space bends around you!
You blink.
A hound skeleton comes into view.
Blork the orc casts a spell at you. You block the puff of flame.
The hound skeleton is struck by your spines.
The hound skeleton barely misses you. The goblin hits you but does no damage.
You don't know any spells.
You hit the hound skeleton. You tail-slap the hound skeleton.
The hound skeleton is moderately damaged.
Blork the orc looks angry.
Blork the orc hits you with a +2 battleaxe of pain!
You die...

..... ..... ###
..... .. ##S..
..## ## .. . ..#
... . .. #.##
.... ...
#..##.....
....###.........
........@##.....
##....Zgo..#.#.
#..........>..
##.....>...##.
#.........## .
#..........#....
#.......<.......
##.####.##......
#. #.# ..#.#?


You could see Blork the orc (fast), a goblin and a hound skeleton.

Vanquished Creatures
  2 orc priests
  Robin (D:2)
  2 adders (D:2)
  2 worms (D:2)
  4 dart slugs
  4 orcs
  4 bats
  5 endoplasms
  A giant cockroach (D:3)
  9 hobgoblins
  4 kobolds
  A quokka (D:1)
  2 ball pythons
  3 frilled lizards (D:2)
  7 goblins
  4 rats
55 creatures vanquished.

Notes
Turn   | Place    | Note
-------+----------+-------------------------------------------
     0 | Abyss:1  | wingedge the Demonspawn Abyssal Knight began the quest for
                  | the Orb.
     0 | Abyss:1  | Reached XP level 1. HP: 18/18 MP: 2/2
    58 | Abyss:1  | Noticed a cacodemon
    60 | D:1      | Escaped the Abyss
   180 | D:1      | Reached skill level 1 in Dodging
   189 | D:1      | Gained mutation: You are partially covered in sharp spines.
                  | [demonic ancestry]
   189 | D:1      | Reached XP level 2. HP: 10/24 MP: 4/4
   390 | D:1      | You fall into a shaft and drop 1 floor!
   431 | D:2      | Reached * piety under Lugonu
   703 | D:2      | Reached XP level 3. HP: 19/29 MP: 5/5
  1216 | D:2      | Found a snail-covered altar of Cheibriados.
  1545 | D:2      | Noticed Robin
  1602 | D:2      | Killed Robin
  1603 | D:2      | Reached XP level 4. HP: 32/37 MP: 6/6
  1709 | D:2      | Reached skill level 4 in Fighting
  1999 | D:3      | Found an opulent altar of Gozag.
  2088 | D:4      | Noticed Duvessa
  2088 | D:4      | Noticed Dowan
  2412 | D:2      | Reached skill level 1 in Shields
  2636 | D:3      | Reached ** piety under Lugonu
  2637 | D:3      | Gained mutation: You have a small tail. [demonic ancestry]
  2637 | D:3      | Reached XP level 5. HP: 23/42 MP: 7/7
  3129 | D:3      | Found Jiosaen's General Store.
  3138 | D:3      | Bought a scroll of identify for 28 gold pieces
  3138 | D:3      | Bought a potion of degeneration for 14 gold pieces
  3138 | D:3      | Bought a scroll of noise for 14 gold pieces
  3273 | D:4      | Noticed Blork the orc
  3281 | D:4      | Slain by Blork the orc

Illustrated notes

Levels and vault maps discovered:
D:1:      psy_arrival_conway, layout_basic, serial_shops, nicolae_shop_crystal,
          skrybe_limestone_x
D:2:      layout_basic, basic_altar, uniq_robin
D:3:      layout_rooms, nicolae_gozag_seed_capital, serial_shops, shop_statue
D:4:      layout_rooms, minmay_temple_entry_fiery, minmay_circle_x,
          uniq_duvessa, uniq_blork_the_orc

Skill      XL: |  1  2  3  4 |
---------------+-------------+-----
Dodging        | 1 |  1.1
Long Blades    | 2 3 |  3.0
Fighting       | 4 |  4.1
Armour         | 2 |  2.3
Shields        | 1 |  1.6
Invocations    | 3 |  3.0

Action                   |  1- 3 |  4- 6 || total
-------------------------+-------+-------++-------
Melee: Falchion          |    74 |    38 ||   112
       Punch             |       |     1 ||     1
       Tailslap          |       |     2 ||     2
 Fire: Hunting sling     |       |    10 ||    10
Throw: Dart              |       |     4 ||     4
Invok: Depart the Abyss  |     1 |       ||     1
       Bend Space        |       |     1 ||     1
  Use: Potion            |     1 |     1 ||     2
       Scroll            |     1 |       ||     1
Armor: Leather armour    |    30 |     6 ||    36
       Ring mail         |       |     2 ||     2
       Scale mail        |       |     6 ||     6
Dodge: Dodged            |    45 |    29 ||    74
Block: Kite shield       |       |    11 ||    11
